 Dungeon Crawl Stone Soup version 0.29-a0-284-gf9362112df (webtiles) character file.

Game seed: 5419324040041270660

3248 siradein the Reanimator (level 9, -3/79 HPs)
             Began as a Deep Dwarf Necromancer on Mar 23, 2022.
             Was an Initiate of Makhleb.
             Slain by Menkaure (4 damage)
             ... on level 7 of the Dungeon.
             The game lasted 00:30:33 (10314 turns).

siradein the Reanimator (Deep Dwarf Necromancer)   Turns: 10314, Time: 00:30:34

Health: -3/79      AC:  8    Str: 14    XL:     9   Next: 67%
Magic:  3/15       EV: 14    Int: 26    God:    Makhleb [......]
Gold:   21         SH:  0    Dex: 19    Spells: 3/16 levels left

rFire   . . .      SeeInvis .   C - +1 whip (flame)
rCold   . . .      Faith    +   (no shield)
rNeg    . . .      Spirit   .   z - +0 ring mail
rPois   .          Reflect  .   y - +0 helmet
rElec   .          Harm     .   w - scarf {+Inv}
rCorr   .          Rampage  .   (no gloves)
Will    +....                   (no boots)
Stlth   ++........              m - amulet of faith
HPRegen 0.00/turn               l - +6 ring of dexterity
MPRegen 0.14/turn               s - +6 ring of intelligence

@: no status effects
A: damage resistance, heal wounds, sense surroundings 2, no regeneration, shaggy
fur 1, strong 1
a: Heal Wounds, Renounce Religion, Evoke Invisibility


You were on level 7 of the Dungeon.
You worshipped Makhleb.
Makhleb was noncommittal.
You visited 2 branches of the dungeon, and saw 8 of its levels.

You collected 339 gold pieces.
You spent 318 gold pieces at shops.

Inventory:

Hand Weapons
 c - a +1 dagger of venom
 B - a +2 antimagic flail
 C - a +1 whip of flaming (weapon)
Armour
 w - a scarf of invisibility (worn)
 y - a +0 helmet (worn)
 z - a +0 ring mail (worn)
Magical Staves
 A - a staff of air
Jewellery
 l - a +6 ring of dexterity (left hand)
 m - an amulet of faith (around neck)
 s - a +6 ring of intelligence (right hand)
 E - a ring of ice
Wands
 D - a wand of digging (5)
Scrolls
 d - 2 scrolls of silence
 e - 3 scrolls of vulnerability {unknown}
 f - 2 scrolls of teleportation
 h - 5 scrolls of torment
 n - 2 scrolls of summoning
 r - a scroll of fog {unknown}
 t - 3 scrolls of immolation {unknown}
 u - a scroll of holy word {unknown}
 v - 2 scrolls of enchant weapon
 x - 2 scrolls of fear
 H - a scroll of magic mapping
Potions
 a - a potion of haste
 b - 2 potions of magic
 g - a potion of resistance {unknown}
 i - 3 potions of cancellation {unknown}
 j - 2 potions of attraction {unknown}
 k - 2 potions of invisibility {unknown}
 o - a potion of lignification {unknown}
 p - 2 potions of heal wounds
 q - 2 potions of curing {unknown}
 F - 2 potions of brilliance {unknown}
 G - a potion of degeneration {unknown}


   Skills:
 + Level 4.3 Fighting
 + Level 4.7 Maces & Flails
 + Level 5.1 Armour
 + Level 5.7 Dodging
 - Level 2.4 Stealth
 + Level 4.4 Spellcasting
 * Level 8.8 Necromancy
 + Level 4.1 Earth Magic
 + Level 2.9 Invocations


You had 3 spell levels left.
You knew the following spells:

 Your Spells              Type           Power      Damage    Failure   Level
a - Vampiric Draining     Necr           51%        2d9       1%          3
b - Animate Dead          Necr           25%        N/A       4%          4
c - Borgnjor's Vile Clut  Necr/Erth      19%        N/A       30%         5
v - Pain                  Necr           100%       1d9       1%          1

Your spell library contained the following spells:

 Spells                   Type           Power      Damage    Failure   Level
 Animate Skeleton         Necr           100%       N/A       1%          1
 Passwall                 Tmut/Erth      13%        N/A       11%         2
 Foxfire                  Conj/Fire      20%        2x1d5     16%         1
 Ensorcelled Hibernation  Hex/Ice        10%        N/A       24%         2
 Conjure Flame            Conj/Fire      5%         6-21      43%         3
 Frozen Ramparts          Ice            10%        1d3       43%         3
 Inner Flame              Hex/Fire       5%         N/A       43%         3
 Lesser Beckoning         Tloc           5%         N/A       43%         3
 Ozocubu's Armour         Ice            5%         N/A       43%         3
 Tukima's Dance           Hex            5%         N/A       43%         3
 Agony                    Necr           51%        N/A       12%         5
 Anguish                  Hex/Necr       14%        N/A       26%         4
 Petrify                  Tmut/Erth      16%        N/A       56%         4
 Flame Wave               Conj/Fire      5%         2d5       83%         4
 Enfeeble                 Hex            2%         N/A       100%        7


Dungeon Overview and Level Annotations

Branches:
Dungeon (7/15)             Temple (1/1) D:6

Altars:
Gozag
Kikubaaqudgha
Makhleb
Nemelex Xobeh
Okawaru
Ru
Sif Muna
Trog
Wu Jian
Yredelemnul
Zin
The Shining One

Shops:
D:6 ?

Annotations:
D:4 3 runed translucent doors, Cecur's ghost, amateur OpTm; IdlyInterested's ghost, amateur DsGl
D:7 Menkaure


Innate Abilities, Weirdness & Mutations

You are resistant to damage.
You can heal yourself by infusing magical energy.
You passively map the area around you.
You do not regenerate.
You are covered in fur. (AC +1)
Your muscles are strong. (Str +2)


Message History

Your body is wracked with pain!
* * * LOW HITPOINT WARNING * * *
You hit Menkaure but do no damage. You punch Menkaure, but do no damage.
Menkaure is moderately damaged.
Menkaure barely misses you.
You completely miss Menkaure.
Menkaure is moderately damaged.
Menkaure barely misses you.
You hit Menkaure but do no damage.
Menkaure is moderately damaged.
Menkaure gestures at you while chanting.
You resist with some effort.
You hit Menkaure. You burn Menkaure.
Menkaure is heavily damaged.
Menkaure calls on the powers of darkness!
Your body is wracked with pain!
* * * LOW HITPOINT WARNING * * *
You hit Menkaure. You burn Menkaure.
Menkaure is heavily damaged.
Menkaure misses you.
You feel much better. Menkaure hits you!
* * * LOW HITPOINT WARNING * * *
Menkaure hits you but does no damage.
You barely miss Menkaure.
Menkaure is heavily damaged.
Menkaure hits you!!
* * * LOW HITPOINT WARNING * * *
You hit Menkaure but do no damage. You punch Menkaure, but do no damage.
Menkaure is heavily damaged.
Menkaure closely misses you.
You barely miss Menkaure.
Menkaure is heavily damaged.
Menkaure hits you but does no damage.
You closely miss Menkaure.
Menkaure is heavily damaged.
Menkaure misses you.
You closely miss Menkaure.
Menkaure is heavily damaged.
Menkaure hits you!
You die...

#.## ###.............#..
#..# #####........##..
##.## #####..#####. #..##
###..## #. #...## ##..###
#. #....## #####..## ##
#.....## #)..†#### #
#######......####.......#
#
...............#@M......#
#
........................#
#
.....####......#.......##
# .....# ##.....###....##
# .....# #.....# ###.## #
....## #....## ### ....#
###...# ....# ##....##
...## #......###


You could see Menkaure (fast).

Vanquished Creatures
  Pikel (D:6)
  A gargoyle (D:7)
  Prince Ribbit (D:6)
  2 yaks (D:7)
  An orc warrior (D:7)
  An ice beast (D:6)
  A black bear (D:7)
  2 ogres (D:6)
  A sky beast (D:6)
  A kobold brigand (D:7)
  A necrophage (D:6)
  3 scorpions
  7 killer bees
  A howler monkey (D:7)
  6 orc priests
  A jelly (D:6)
  7 hounds
  A gnoll shaman (D:6)
  3 iguanas
  4 orc wizards
  8 gnolls
  4 adders
  A white imp (D:6)
  A worm (D:2)
  4 dart slugs
  17 orcs
  2 endoplasms (D:2)
  2 giant cockroaches
  7 goblins
  11 hobgoblins
  3 quokkas
  4 ball pythons
  3 bats (D:1)
  12 kobolds
  3 rats
128 creatures vanquished.

Vanquished Creatures (others)
  6 withered plants (D:4)
6 creatures vanquished.

Grand Total: 134 creatures vanquished

Notes
Turn   | Place    | Note
-------+----------+-------------------------------------------
     0 | D:1      | siradein the Deep Dwarf Necromancer began the quest for the
                  | Orb.
     0 | D:1      | Reached XP level 1. HP: 15/15 MP: 3/3
   509 | D:1      | Found a faded altar of an unknown god.
   514 | D:1      | Reached XP level 2. HP: 24/24 MP: 0/4
   978 | D:2      | Got Ujiekul's Handbook of the Icy Rocks
  1219 | D:2      | Reached XP level 3. HP: 26/30 MP: 0/5
  1223 | D:2      | Learned a level 3 spell: Vampiric Draining
  1969 | D:2      | Reached skill level 1 in Maces & Flails
  2103 | D:2      | Reached skill level 1 in Armour
  2103 | D:2      | Reached skill level 5 in Necromancy
  2171 | D:2      | Gained mutation: Your muscles are strong. (Str +2) [potion
                  | of mutation]
  2171 | D:2      | Gained mutation: You are covered in fur. (AC +1) [potion of
                  | mutation]
  2491 | D:3      | Reached XP level 4. HP: 36/37 MP: 2/7
  2732 | D:4      | Reached skill level 1 in Fighting
  3117 | D:3      | Reached XP level 5. HP: 35/44 MP: 1/8
  3361 | D:3      | Got Sif Muna's Tome of Spatial Earth
  3750 | D:4      | Learned a level 4 spell: Animate Dead
  4213 | D:4      | Reached XP level 6. HP: 23/51 MP: 5/9
  4574 | D:4      | Found a runed translucent gate.
  4575 | D:4      | Found a runed translucent gate.
  4576 | D:4      | Found a runed translucent gate.
  4577 | D:4      | Noticed Cecur's ghost (amateur OpTm)
  4577 | D:4      | Noticed IdlyInterested's ghost (amateur DsGl)
  5225 | D:5      | Entered Level 5 of the Dungeon
  5240 | D:5      | Reached skill level 6 in Necromancy
  5438 | D:5      | Reached XP level 7. HP: 60/60 MP: 4/11
  5797 | D:5      | Found a bloodstained altar of Trog.
  6335 | D:6      | Found a sacrificial altar of Ru.
  6587 | D:6      | Found a glowing golden altar of the Shining One.
  6697 | D:6      | Found an ornate altar of the Wu Jian Council.
  6909 | D:6      | Reached skill level 7 in Necromancy
  6909 | D:6      | Reached XP level 8. HP: 65/68 MP: 2/13
  6915 | D:6      | Learned a level 5 spell: Borgnjor's Vile Clutch
  7011 | D:6      | Found Comuysk's Magic Scroll Emporium.
  7023 | D:6      | Found a glowing silver altar of Zin.
  7181 | D:6      | Noticed Prince Ribbit
  7207 | D:6      | Killed Prince Ribbit
  7208 | D:6      | Reached skill level 1 in Earth Magic
  7298 | D:6      | Found a staircase to the Ecumenical Temple.
  7361 | D:6      | Noticed Pikel
  7379 | D:6      | Killed Pikel
  7380 | D:6      | Reached skill level 5 in Dodging
  7401 | Temple   | Entered the Ecumenical Temple
  7496 | Temple   | Became a worshipper of Makhleb the Destroyer
  7773 | D:6      | Reached skill level 8 in Necromancy
  8008 | D:6      | Reached skill level 1 in Invocations
  8008 | D:6      | Gained mutation: You passively map the area around you.
                  | [Deep Dwarf growth]
  8008 | D:6      | Reached XP level 9. HP: 29/78 MP: 1/14
  9123 | D:7      | Noticed a gargoyle
  9221 | D:6      | Bought a scroll of identify for 24 gold pieces
  9221 | D:6      | Bought a scroll of summoning for 114 gold pieces
  9221 | D:6      | Bought a scroll of enchant weapon for 90 gold pieces
  9221 | D:6      | Bought a scroll of identify for 24 gold pieces
  9221 | D:6      | Bought a scroll of magic mapping for 42 gold pieces
  9221 | D:6      | Bought a scroll of identify for 24 gold pieces
  9248 | D:7      | Killed a gargoyle
  9370 | D:7      | HP: 3/78 [orc warrior/+0 battleaxe (1)]
  9719 | D:7      | Noticed Menkaure
  9773 | D:7      | Reached skill level 5 in Armour
 10310 | D:7      | HP: 1/79 [Menkaure (18)]
 10314 | D:7      | Slain by Menkaure

Illustrated notes

Levels and vault maps discovered:
D:1:      scummos_arrival_star, layout_loops_ring,
          hellmonk_ecumenical_altar_pennies_from_heaven
D:2:      layout_loops_corners
D:3:      layout_basic
D:4:      layout_loops_cross, gammafunk_ghost_cemetery
D:5:      layout_loops_cross, lemuel_crystal_altar
D:6:      layout_gridville, nicolae_overflow_crystal_walls,
          nicolae_overflow_hidden_temple, tso_metal_star, lemuel_round_altar,
          minmay_temple_entry_waves, serial_shops, nicolae_take_the_stairs,
          minmay_strange_pillars, serial_bayou_crossing, uniq_pikel,
          uniq_prince_ribbit1
D:7:      layout_cave_pods, grunt_decor_resistance, uniq_menkaure
Temple:   nicolae_temple_elliptical

Skill      XL: |  1  2  3  4  5  6  7  8  9 |
---------------+----------------------------+-----
Spellcasting   | 2 3 4 |  4.4
Maces & Flails | 1 2 3 4 |  4.7
Armour         | 1 2 3 4 5 |  5.1
Necromancy     | 5 6 7 8 |  8.8
Fighting       | 1 2 3 4 |  4.3
Dodging        | 3 4 5 |  5.7
Earth Magic    | 2 4 |  4.1
Invocations    | 1 2 |  2.9
Stealth        | |  2.4

Action                   |  1- 3 |  4- 6 |  7- 9 || total
-------------------------+-------+-------+-------++-------
Melee: Whip              |    67 |    20 |    27 ||   114
       Dagger            |       |    38 |   131 ||   169
       Punch             |       |     1 |     6 ||     7
 Cast: Pain              |    57 |       |       ||    57
       Vampiric Draining |     5 |    38 |    86 ||   129
 Abil: Heal Wounds       |       |       |     2 ||     2
  Use: Scroll            |     3 |     1 |     6 ||    10
       Potion            |     1 |       |     1 ||     2
 Stab: Sleeping          |       |     1 |       ||     1
Armor: Ring mail         |     6 |       |    50 ||    56
       Leather armour    |    13 |    18 |     7 ||    38
Dodge: Dodged            |    65 |    62 |   187 ||   314

Table legend: (Time is in decaauts)
 A = Elapsed time spent in this place.
 B = Non-inter-level travel time spent in this place.
 C = Inter-level travel time spent in this place.
 D = Time resting spent in this place.
 E = Time spent auto-exploring this place.
 F = Levels seen in this place.
 G = Mean time per level.
                   A        B        C        D        E       F      G
               +--------+--------+--------+--------+--------+-----+--------+
         Total |  10328 |  10139 |    189 |   1604 |   6803 |   8 | 1291.0 |
       Dungeon |  10223 |  10034 |    189 |   1604 |   6719 |   7 | 1460.4 |
        Temple |    104 |    104 |      0 |      0 |     84 |   1 |  104.0 |
               +--------+--------+--------+--------+--------+-----+--------+

Top non-repeatable levels by time:
     D:6: 2199 daAuts
     D:7: 1851 daAuts
     D:4: 1806 daAuts
     D:2: 1289 daAuts
     D:3: 1208 daAuts
     D:5: 939 daAuts
     D:1: 927 daAuts
  Temple: 104 daAuts
